NCAA
ALABAMA CRIMSON TIDE @ NORTH CAROLINA STATE WOLFPACK
05/18/2023
 
TOP OF THE 1ST
Alabama Crimson Tide batting - Pitching for North Carolina State Wolfpack : RHP Dave Jackson
Pitching: RHP Dave Jackson
Batting: LHB Miguel Colón 0-0: Called Strike
0-1: Swinging Strike
0-2: Ball
1-2: Strikes out swinging
Batting: RHB Eddie Howell 0-0: Called Strike
0-1: Ball
1-1: Swinging Strike
1-2: Ball
2-2: SINGLE (Line Drive, 78M)
Batting: LHB Mike Godfrey 0-0: Swinging Strike
0-1: Ball
1-1: Swinging Strike
1-2: Strikes out swinging
Batting: LHB Carlos Osorio 0-0: Ball
1-0: Ball
2-0: Ball
3-0: Called Strike
3-1: Swinging Strike
3-2: Strikes out swinging
Top of the 1st over - 0 run(s), 1 hit(s), 0 error(s), 1 left on base; Alabama 0 - North Carolina State 0
BOTTOM OF THE 1ST
North Carolina State Wolfpack batting - Pitching for Alabama Crimson Tide : RHP Manuel González
Pitching: RHP Manuel González
Batting: RHB Rafael Rosário 0-0: Foul Ball, location: 2F
0-1: Called Strike
0-2: Ground out 4-3 (Groundball, 4M)
Batting: RHB Eugene Booth 0-0: SINGLE (Line Drive, 34D)
Batting: LHB Danny Bane 0-0: Ball
Eugene Booth steals 2nd base
1-0: SINGLE (Popup, 6D)
Eugene Booth to third
Batting: RHB Javier Morales 0-0: Ball
Wild Pitch!
Eugene Booth scores
Danny Bane to second
1-0: Ground out 1-3 (Groundball, 23)
Danny Bane to third
Batting: LHB Chris Waggoner 0-0: Ground out 4-3 (Groundball, 4M)
Bottom of the 1st over - 1 run(s), 2 hit(s), 0 error(s), 1 left on base; Alabama 0 - North Carolina State 1
TOP OF THE 2ND
Alabama Crimson Tide batting - Pitching for North Carolina State Wolfpack : RHP Dave Jackson
Batting: RHB Andrew O'Dell 0-0: Ground out 4-3 (Groundball, 34)
Batting: SHB Alan Garland 0-0: Called Strike
0-1: Ball
1-1: Foul Ball, location: 2F
1-2: Foul Ball, location: 2F
1-2: Ball
2-2: Ball
3-2: Foul Ball, location: 2F
3-2: SINGLE (Groundball, 34D)
Batting: LHB Jorge Cuero 0-0: Ball
Alan Garland is caught stealing 2nd base
1-0: Foul Ball, location: 2F
1-1: Foul Ball, location: 2F
1-2: Strikes out swinging
Top of the 2nd over - 0 run(s), 1 hit(s), 0 error(s), 0 left on base; Alabama 0 - North Carolina State 1
BOTTOM OF THE 2ND
North Carolina State Wolfpack batting - Pitching for Alabama Crimson Tide : RHP Manuel González
Batting: RHB Donald Hoover 0-0: Fly out, F9 (Flyball, 9LMF)
Batting: RHB Richard Heath 0-0: Ball
1-0: Foul Ball, location: 2F
1-1: Foul Ball, location: 2F
1-2: Foul Ball, location: 2F
1-2: Fly out, F3 (Line Drive, 34)
Batting: RHB José Orozco 0-0: Called Strike
0-1: Fly out, F4 (Popup, 4D)
Bottom of the 2nd over - 0 run(s), 0 hit(s), 0 error(s), 0 left on base; Alabama 0 - North Carolina State 1
TOP OF THE 3RD
Alabama Crimson Tide batting - Pitching for North Carolina State Wolfpack : RHP Dave Jackson
Batting: RHB Bob Johnson 0-0: Ball
1-0: Called Strike
1-1: Ground out 5-3 (Groundball, 5)
Batting: SHB Shane Hutchinson 0-0: Swinging Strike
0-1: Ball
1-1: Foul Ball, location: 2F
1-2: Ball
2-2: Ball
3-2: Foul Ball, location: 2F
3-2: Foul Ball, location: 2F
3-2: Base on Balls
Batting: LHB Miguel Colón 0-0: Swinging Strike
0-1: Ball
1-1: Ball
2-1: Ball
3-1: Fly out, F8 (Flyball, 8LM)
Batting: RHB Eddie Howell 0-0: Ball
1-0: SINGLE (Line Drive, 56)
Shane Hutchinson to second
Batting: LHB Mike Godfrey 0-0: Ball
1-0: Swinging Strike
1-1: Called Strike
1-2: Strikes out swinging
Top of the 3rd over - 0 run(s), 1 hit(s), 0 error(s), 2 left on base; Alabama 0 - North Carolina State 1
BOTTOM OF THE 3RD
North Carolina State Wolfpack batting - Pitching for Alabama Crimson Tide : RHP Manuel González
Batting: RHB Dennis Mays 0-0: Foul Ball, location: 2F
0-1: Called Strike
0-2: Foul Ball, location: 2F
0-2: Strikes out swinging
Batting: RHB Rafael Rosário 0-0: Ball
1-0: TRIPLE (Line Drive, 8RM)
Batting: RHB Eugene Booth 0-0: Ball
1-0: Foul Ball, location: 2F
1-1: Foul Ball, location: 2F
1-2: Foul Ball, location: 2F
1-2: DOUBLE (Line Drive, 5L)
Rafael Rosário scores
Batting: LHB Danny Bane 0-0: Swinging Strike
0-1: Ground out 3-1 (Groundball, 3)
Eugene Booth to third
Batting: RHB Javier Morales 0-0: Ground out 5-3 (Groundball, 56S)
Bottom of the 3rd over - 1 run(s), 2 hit(s), 0 error(s), 1 left on base; Alabama 0 - North Carolina State 2
TOP OF THE 4TH
Alabama Crimson Tide batting - Pitching for North Carolina State Wolfpack : RHP Dave Jackson
Batting: LHB Carlos Osorio 0-0: Swinging Strike
0-1: Ball
1-1: Swinging Strike
1-2: Ball
2-2: Fly out, F7 (Flyball, 7LM)
Batting: RHB Andrew O'Dell 0-0: Ball
1-0: Ball
2-0: Foul Ball, location: 2F
2-1: Foul Ball, location: 2F
2-2: Strikes out looking
Batting: SHB Alan Garland 0-0: Ground out 5-3 (Groundball, 56S)
Top of the 4th over - 0 run(s), 0 hit(s), 0 error(s), 0 left on base; Alabama 0 - North Carolina State 2
BOTTOM OF THE 4TH
North Carolina State Wolfpack batting - Pitching for Alabama Crimson Tide : RHP Manuel González
Batting: LHB Chris Waggoner 0-0: Called Strike
0-1: Foul Ball, location: 2F
0-2: SINGLE (Groundball, 56D)
Batting: RHB Donald Hoover 0-0: Ball
1-0: Called Strike
1-1: Ball
2-1: Ground out 4-3 (Groundball, 4S)
Chris Waggoner to second
Batting: RHB Richard Heath 0-0: Ball
1-0: Foul Ball, location: 2F
1-1: Foul Ball, location: 2F
1-2: Ball
2-2: Foul Ball, location: 2F
2-2: Ball
3-2: Foul Ball, location: 2F
3-2: Foul Ball, location: 2F
3-2: Foul Ball, location: 2F
3-2: Strikes out swinging
Batting: RHB José Orozco 0-0: SINGLE (Groundball, 6MD) (infield hit)
Chris Waggoner to third
Batting: RHB Dennis Mays 0-0: Fielders Choice at 2nd, U6 (Groundball, 6M)
Bottom of the 4th over - 0 run(s), 2 hit(s), 0 error(s), 2 left on base; Alabama 0 - North Carolina State 2
TOP OF THE 5TH
Alabama Crimson Tide batting - Pitching for North Carolina State Wolfpack : RHP Dave Jackson
Batting: LHB Jorge Cuero 0-0: Swinging Strike
0-1: Called Strike
0-2: Ball
1-2: Ground out U3 (Groundball, 3L)
Batting: RHB Bob Johnson 0-0: Ground out 6-3 (Groundball, 6M)
Batting: SHB Shane Hutchinson 0-0: Fly out, F8 (Line Drive, 8RM)
Top of the 5th over - 0 run(s), 0 hit(s), 0 error(s), 0 left on base; Alabama 0 - North Carolina State 2
BOTTOM OF THE 5TH
North Carolina State Wolfpack batting - Pitching for Alabama Crimson Tide : RHP Manuel González
Batting: RHB Rafael Rosário 0-0: Ground out 5-3 (Groundball, 56)
Batting: RHB Eugene Booth 0-0: Called Strike
0-1: Called Strike
0-2: Foul Ball, location: 2F
0-2: Strikes out swinging
Batting: LHB Danny Bane 0-0: Called Strike
0-1: Ball
1-1: Called Strike
1-2: Strikes out swinging
Bottom of the 5th over - 0 run(s), 0 hit(s), 0 error(s), 0 left on base; Alabama 0 - North Carolina State 2
TOP OF THE 6TH
Alabama Crimson Tide batting - Pitching for North Carolina State Wolfpack : RHP Dave Jackson
Batting: LHB Miguel Colón 0-0: Ball
1-0: Ground out 6-3 (Groundball, 6)
Batting: RHB Eddie Howell 0-0: Called Strike
0-1: Fly out, F8 (Flyball, 8LXD)
Batting: LHB Mike Godfrey 0-0: Ball
1-0: Ball
2-0: Swinging Strike
2-1: Swinging Strike
2-2: Ball
3-2: Base on Balls
Pitching: RHP Michael Funk
Batting: LHB Carlos Osorio 0-0: Called Strike
Mike Godfrey steals 2nd base
0-1: Swinging Strike
0-2: Ball
1-2: Ball
2-2: Foul Ball, location: 2F
2-2: Ball
3-2: Base on Balls
Batting: RHB Andrew O'Dell 0-0: Ball
1-0: Called Strike
1-1: Ball
2-1: Ball
3-1: Base on Balls
Mike Godfrey to third
Carlos Osorio to second
Batting: SHB Alan Garland 0-0: Called Strike
0-1: Ball
1-1: GRAND SLAM HOME RUN (Line Drive, 9D), Distance : 360 ft
Batting: LHB Jorge Cuero 0-0: Ball
1-0: Called Strike
1-1: Foul Ball, location: 2F
1-2: Foul Ball, location: 2F
1-2: Ball
2-2: Ground out 4-3 (Groundball, 4)
Top of the 6th over - 4 run(s), 1 hit(s), 0 error(s), 0 left on base; Alabama 4 - North Carolina State 2
BOTTOM OF THE 6TH
North Carolina State Wolfpack batting - Pitching for Alabama Crimson Tide : RHP Manuel González
Batting: RHB Javier Morales 0-0: Called Strike
0-1: Foul Ball, location: 2F
0-2: Ball
1-2: Strikes out swinging
Batting: LHB Chris Waggoner 0-0: Fly out, F9 (Line Drive, 89M)
Batting: RHB Donald Hoover 0-0: Ball
1-0: Ball
2-0: Called Strike
2-1: Swinging Strike
2-2: Foul Ball, location: 2F
2-2: Ball
3-2: Strikes out swinging
Bottom of the 6th over - 0 run(s), 0 hit(s), 0 error(s), 0 left on base; Alabama 4 - North Carolina State 2
TOP OF THE 7TH
Alabama Crimson Tide batting - Pitching for North Carolina State Wolfpack : RHP Michael Funk
Pitching: RHP Rick Hernández
Batting: RHB Bob Johnson 0-0: Ball
1-0: Foul Ball, location: 2F
1-1: Ball
2-1: Foul Ball, location: 2F
2-2: SOLO HOME RUN (Flyball, 78XD), Distance : 374 ft
Batting: SHB Shane Hutchinson 0-0: Ball
1-0: Called Strike
1-1: Ball
2-1: Foul Ball, location: 2F
2-2: Foul Ball, location: 2F
2-2: Foul Ball, location: 2F
2-2: Strikes out swinging
Batting: LHB Miguel Colón 0-0: Bunt for hit - play at first, batter OUT! 1-3
Batting: RHB Eddie Howell 0-0: Ball
1-0: Ball
2-0: Ball
3-0: Called Strike
3-1: Base on Balls
Batting: LHB Mike Godfrey 0-0: Ball
Wild Pitch!
Eddie Howell to second
1-0: Swinging Strike
1-1: Ball
2-1: Ball
3-1: Base on Balls
Batting: LHB Carlos Osorio 0-0: Foul Ball, location: 2F
0-1: Ball
1-1: Called Strike
1-2: Foul Ball, location: 2F
1-2: Ball
2-2: Strikes out looking
Top of the 7th over - 1 run(s), 1 hit(s), 0 error(s), 2 left on base; Alabama 5 - North Carolina State 2
BOTTOM OF THE 7TH
North Carolina State Wolfpack batting - Pitching for Alabama Crimson Tide : RHP Manuel González
Batting: RHB Richard Heath 0-0: Ground out 4-3 (Groundball, 4M)
Batting: RHB José Orozco 0-0: Ground out 2-3 (Groundball, 23)
Batting: RHB Dennis Mays 0-0: Called Strike
0-1: Foul Ball, location: 2F
0-2: Ball
1-2: Foul Ball, location: 2F
1-2: Foul Ball, location: 2F
1-2: Ball
2-2: Ball
3-2: Foul Ball, location: 2F
3-2: SINGLE (Flyball, 89M)
Pitching: RHP Logan Villiers
Batting: RHB Rafael Rosário 0-0: Called Strike
0-1: Ball
1-1: Foul Ball, location: 2F
1-2: Foul Ball, location: 2F
1-2: Foul Ball, location: 2F
1-2: Foul Ball, location: 2F
1-2: Foul Ball, location: 2F
1-2: Ball
2-2: Strikes out looking
Bottom of the 7th over - 0 run(s), 1 hit(s), 0 error(s), 1 left on base; Alabama 5 - North Carolina State 2
TOP OF THE 8TH
Alabama Crimson Tide batting - Pitching for North Carolina State Wolfpack : RHP Rick Hernández
Batting: RHB Andrew O'Dell 0-0: Ball
1-0: Foul Ball, location: 2F
1-1: Ball
2-1: Swinging Strike
2-2: Strikes out swinging
Batting: SHB Alan Garland 0-0: Called Strike
0-1: Swinging Strike
0-2: Ball
1-2: Ball
2-2: Foul Ball, location: 2F
2-2: Ball
3-2: Fly out, F7 (Flyball, 7M)
Batting: LHB Jorge Cuero 0-0: Called Strike
0-1: Ball
1-1: Ball
2-1: Foul Ball, location: 2F
2-2: Strikes out swinging
Top of the 8th over - 0 run(s), 0 hit(s), 0 error(s), 0 left on base; Alabama 5 - North Carolina State 2
BOTTOM OF THE 8TH
North Carolina State Wolfpack batting - Pitching for Alabama Crimson Tide : RHP Logan Villiers
Batting: RHB Eugene Booth 0-0: Called Strike
0-1: Called Strike
0-2: Strikes out looking
Batting: LHB Danny Bane 0-0: Ball
1-0: Fly out, F5 (Popup, 5L)
Batting: RHB Javier Morales 0-0: Called Strike
0-1: Swinging Strike
0-2: Ball
1-2: Strikes out swinging
Bottom of the 8th over - 0 run(s), 0 hit(s), 0 error(s), 0 left on base; Alabama 5 - North Carolina State 2
TOP OF THE 9TH
Alabama Crimson Tide batting - Pitching for North Carolina State Wolfpack : RHP Rick Hernández
Pitching: RHP John Mann
Batting: RHB Bob Johnson 0-0: Called Strike
0-1: Fly out, F8 (Flyball, 8RM)
Batting: SHB Shane Hutchinson 0-0: Swinging Strike
0-1: Ball
1-1: Called Strike
1-2: Ball
2-2: Ball
3-2: SINGLE (Groundball, 3D)
Batting: LHB Miguel Colón 0-0: Foul Ball, location: 2F
0-1: Ball
1-1: Ball
2-1: Foul Ball, location: 2F
2-2: Ball
3-2: Strikes out swinging
Batting: RHB Eddie Howell 0-0: Called Strike
0-1: DOUBLE (Line Drive, 5D)
Shane Hutchinson to third
Batting: LHB Mike Godfrey 0-0: Fly out, F7 (Flyball, 78S)
Top of the 9th over - 0 run(s), 2 hit(s), 0 error(s), 2 left on base; Alabama 5 - North Carolina State 2
BOTTOM OF THE 9TH
North Carolina State Wolfpack batting - Pitching for Alabama Crimson Tide : RHP Logan Villiers
Pitching: LHP Travis Thompson
Now at C: Wally Brandt
Batting: LHB Chris Waggoner 0-0: Foul Ball, location: 2F
0-1: Ball
1-1: Foul Ball, location: 2F
1-2: Fly out, F5 (Popup, 5L)
Batting: RHB Donald Hoover 0-0: SINGLE (Groundball, 34D)
Batting: RHB Richard Heath 0-0: SINGLE (Line Drive, 56)
Donald Hoover to second
Batting: RHB José Orozco 0-0: SINGLE (Groundball, 5S)
Donald Hoover to third
Richard Heath to second
Pinch Hitting: RHB José Espinoza 0-0: Called Strike
0-1: Fly out, F4 (Popup, 4)
Batting: RHB Rafael Rosário 0-0: Ball
1-0: Called Strike
1-1: SINGLE (Line Drive, 7LS)
Donald Hoover scores
Richard Heath to third
José Orozco to second
Runner from 3rd tries for Home, SAFE, no throw or cutoff
Batting: RHB Eugene Booth 0-0: Called Strike
0-1: Ball
1-1: Fly out, F6 (Popup, 6M)
Bottom of the 9th over - 2 run(s), 4 hit(s), 0 error(s), 2 left on base; Alabama 5 - North Carolina State 4
This league is powered by Out of the Park Baseball, the baseball management simulation game for PC, Mac and Linux
Wednesday, December 2nd, 2015 - OOTP Baseball 16.8 Build 38